 Dungeon Crawl Stone Soup version 0.22-a0-447-gee5f723 (webtiles) character file.

60103 Darkstone the Severer (level 14, -20/129 HPs)
             Began as a Minotaur Berserker on June 2, 2018.
             Was a High Priest of Trog.
             Killed from afar by Nikola (36 damage)
             ... with a chain lightning
             ... on level 1 of the Elven Halls on June 3, 2018.
             The game lasted 03:17:53 (31365 turns).

Darkstone the Severer (Minotaur Berserker)         Turns: 31365, Time: 03:17:54

Health: -20/129    AC: 21    Str: 24    XL:     14   Next: 55%
Magic:  15/15      EV: 11    Int:  4    God:    Trog [*****.]
Gold:   1923       SH: 11    Dex: 13    Spells: 13/13 levels left

rFire    . . .     SeeInvis .   C - +4 war axe (freeze)
rCold    . . .     Gourm    .   x - +0 shield
rNeg     . . .     Faith    .   Y - +0 plate armour
rPois    +         Spirit   .   (helmet restricted)
rElec    .         Reflect  +   u - +2 cloak {+Inv}
rCorr    .         Harm     .   h - +0 pair of gloves
MR       ++...                  (no boots)
Stlth    ..........             q - +2 amulet of reflection
HPRegen  0.31/turn              f - ring of protection from magic
MPRegen  0.14/turn              W - ring of poison resistance

@: no status effects
A: retaliatory headbutt, horns 2
a: Berserk, Trog's Hand, Brothers in Arms, Renounce Religion, Evoke Invisibility


You were on level 1 of the Elven Halls.
You worshipped Trog.
Trog was extremely pleased with you.
You were not hungry.

You visited 6 branches of the dungeon, and saw 25 of its levels.
You also visited: Ossuary, Bailey and Ice Cave.

You collected 2923 gold pieces.
You spent 1000 gold pieces at shops.

Inventory:

Hand Weapons
 a - a +0 war axe of electrocution
 b - a +6 hand axe of flaming
 C - a +4 war axe of freezing (weapon)
 T - the +8 flail of Voicletz {crush, *Corrode +Rage rPois Stlth-}
   (You took it off an orc on level 10 of the Dungeon)

   It inflicts extra damage upon your enemies.
   It protects you from poison.
   It lets you go berserk.
   It may corrode you when you take damage.
   It makes you less stealthy.
Missiles
 c - 49 tomahawks of returning (quivered)
 N - 5 tomahawks of dispersal
Armour
 d - +3 pearl dragon scales
 h - a +0 pair of gloves (worn)
 t - +0 ice dragon scales
 u - a +2 cloak of invisibility (worn)
 x - a +0 shield (worn)
 D - a +0 plate armour of cold resistance
 E - a +2 buckler of cold resistance
 F - a +1 chain mail of poison resistance
 P - a +2 chain mail of fire resistance
 Y - a +0 plate armour (worn)
Jewellery
 f - a ring of protection from magic (left hand)
 j - an uncursed ring of ice
 q - a +2 amulet of reflection (around neck)
 w - an uncursed ring of protection from cold
 y - an uncursed ring of resist corrosion
 Q - an uncursed ring of magical power
 V - an uncursed ring of flight
 W - a ring of poison resistance (right hand)
Wands
 i - a wand of paralysis (9)
 z - a wand of polymorph (2)
 G - a wand of digging (7)
 J - a wand of acid (12)
 M - a wand of enslavement (20)
Scrolls
 e - 4 scrolls of remove curse
 l - 2 scrolls of teleportation
 m - a scroll of summoning
 r - a scroll of fog
 K - a scroll of acquirement
 R - 2 scrolls of magic mapping
 S - 2 scrolls of blinking
Potions
 g - a potion of agility {unknown}
 k - 4 potions of might
 n - 6 potions of curing
 o - 3 potions of brilliance
 v - 3 potions of lignification
 A - a potion of magic
 B - a potion of invisibility
 L - a potion of cancellation
 Z - 2 potions of resistance
Miscellaneous
 p - a lamp of fire
 s - a phantom mirror
 U - a crystal ball of energy
Comestibles
 H - 13 rations


   Skills:
 + Level 13.5 Fighting
 * Level 17.6(18.1) Axes
 - Level 8.3(14.0) Maces & Flails
 + Level 13.2 Armour
 + Level 12.3 Dodging
 + Level 2.7 Shields
 - Level 2.9 Evocations


You had 13 spell levels left.
You didn't know any spells.
Your spell library contained the following spells:

 Spells                   Type           Power        Failure   Level  Hunger
 Lightning Bolt           Conj/Air       #.........   100%        5    ######.
 Shock                    Conj/Air       #...         100%        1    ##.....
 Swiftness                Chrm/Air       #.......     100%        2    ###....
 Airstrike                Air            #.........   100%        4    #####..
 Static Discharge         Conj/Air       #.......     100%        3    ####...


Dungeon Overview and Level Annotations

Branches:
Dungeon (13/15)            Temple (1/1) D:5            Lair (6/6) D:10
 Shoals (0/4) Lair:4        Snake (0/4) Lair:4        Slime (2/5) Lair:6
    Orc (2/2) D:12            Elf (1/3) Orc:2
 Vaults: D:13-14

Altars:
Ashenzari
Cheibriados
Dithmenos
Elyvilon
Fedhas
Gozag
Hepliaklqana
Kikubaaqudgha
Makhleb
Nemelex Xobeh
Okawaru
Qazlal
Ru
Sif Muna
Trog
Uskayaw
Vehumet
Wu Jian
Xom
Yredelemnul
Zin
The Shining One
Beogh
Jiyva

Shops:
D:7 ::   D:9 *   Orc:1 =   Orc:2 [(:!*

Annotations:
Lair:1 exclusion: oklob plant
Lair:2 exclusion: oklob plant
Elf:1 Nikola


Innate Abilities, Weirdness & Mutations

You reflexively headbutt those who attack you in melee.
You have a pair of horns on your head.


Message History

The lightning arc hits you!
The lightning arc hits Nikola.
The lightning arc hits you!
The lightning arc hits Nikola.
There is an open door here.
Unknown command.
Nikola mumbles some strange words.
You hear a mighty clap of thunder!
The lightning arc hits you!
The lightning arc hits Nikola.
The lightning arc hits you!
* * * LOW HITPOINT WARNING * * *
The lightning arc hits Nikola.
The lightning arc hits you!
* * * LOW HITPOINT WARNING * * *
The lightning arc hits Nikola.
Your ogre goes berserk!
You feel somewhat more hungry. Nikola hits you but does no damage.
Okay, then.
You feel better.
Nikola casts a spell.
You hear a mighty clap of thunder!
The lightning arc hits you!
You die...

### #.$##
#....##
######......#
####.@..'.......
+..O@####.......
####.# ..@....
#.# ....... #.#
#.....# #.#
####+# #.# #.#
#.#
#.#########.###


You could see Nikola and a friendly ogre (berserk).

Vanquished Creatures
  Fannar (Orc:1)
  An ice dragon (IceCv)
  A hydra (Lair:6)
  A centaur warrior (D:9)
  A death knight (D:11)
  A catoblepas (Lair:6)
  6 death yaks
  A deep troll shaman (Lair:6)
  5 two-headed ogres
  Urug (D:12)
  Nergalle (D:11)
  A skeletal warrior (D:11)
  An unseen horror (D:12)
  A phantasmal warrior (D:11)
  The ghost of mordain the Shield-Bearer, a novice FoFi (D:5)
  2 orc knights
  An ugly thing (D:12)
  5 orc sorcerers (Orc:2)
  2 cyclopes (Orc:1)
  A centaur zombie (D:12)
  6 black mambas
  2 ice statues (IceCv)
  4 elephants (Lair:6)
  A gargoyle (D:11)
  6 spiny frogs
  3 rime drakes
  8 komodo dragons
  2 ice devils (Lair:4)
  5 trolls
  5 polar bears
  8 slime creatures
  8 dream sheep
  12 hippogriffs
  A snapping turtle (Lair:4)
  Sigmund (D:5)
  A shadow (D:12)
  30 yaks
  2 wraiths
  3 wyverns
  A steam dragon (D:9)
  2 basilisks
  A hungry ghost (D:12)
  2 nagas (Lair:4)
  The ghost of bombasticus the Skirmisher, an amateur GrBe of Trog (D:3)
  5 wargs
  9 water moccasins
  6 porcupines
  3 sky beasts
  31 orc warriors
  17 ice beasts
  4 phantoms
  3 black bears
  A necrophage (D:9)
  10 ogres
  4 wolves (Lair:6)
  8 centaurs
  A big kobold (D:12)
  20 crocodiles
  An elf zombie (Ossuary)
  A wyvern zombie (D:6)
  12 bullfrogs
  A water moccasin skeleton (D:5)
  4 scorpions
  9 wights (D:12)
  A howler monkey (D:4)
  3 crimson imps
  A lava snake (D:7)
  4 bullfrog zombies
  10 hounds
  6 jellies
  21 orc priests
  Crazy Yiuf (D:5)
  4 bullfrog skeletons
  A human zombie (Ossuary)
  29 orc wizards
  2 centaur skeletons
  6 worker ants
  2 iguanas
  3 hound skeletons
  5 mummies
  6 gnolls
  2 worker ant zombies
  10 adders
  3 shadow imps
  8 oozes
  2 adder skeletons
  An adder zombie (Ossuary)
  4 worms
  4 dart slugs
  7 leopard geckos
  99 orcs
  4 giant cockroaches
  A gnoll zombie (Ossuary)
  9 goblins
  11 hobgoblins
  7 jackals
  26 kobolds
  3 quokkas
  A ball python (D:1)
  5 bats
  5 frilled lizards
  A hobgoblin zombie (Ossuary)
  A jackal zombie (Ossuary)
  A kobold zombie (Ossuary)
  5 orc zombies
  2 quokka zombies
  7 rats
  2 rat zombies (Ossuary)
  A fungus (D:10)
637 creatures vanquished.

Vanquished Creatures (collateral kills)
  An acid blob (Lair:6)
  An orc warlord (Orc:2)
  An ice dragon (IceCv)
  A skeletal warrior (D:11)
  An ugly thing (D:12)
  An orc knight (Orc:2)
  An orc sorcerer (Orc:2)
  3 orc warriors
  A bullfrog zombie (D:11)
  2 orcs (Orc:2)
  A goblin (Bailey)
  A hobgoblin (Bailey)
15 creatures vanquished.

Vanquished Creatures (others)
  An orc (Orc:1)
  A kobold (Bailey)
  9 fungi
  3 plants
14 creatures vanquished.

Grand Total: 666 creatures vanquished

Notes
Turn   | Place    | Note
-------+----------+-------------------------------------------
     0 | D:1      | Darkstone the Minotaur Berserker began the quest for the Orb.
     0 | D:1      | Reached XP level 1. HP: 19/19 MP: 0/0
   116 | D:1      | Reached XP level 2. HP: 27/27 MP: 1/1
   223 | D:1      | Reached skill level 4 in Axes
   431 | D:1      | Reached XP level 3. HP: 33/33 MP: 2/2
   589 | D:1      | Reached ** piety under Trog
  1570 | D:3      | Reached XP level 4. HP: 40/40 MP: 3/3
  1913 | D:2      | Found a basalt altar of Yredelemnul.
  2169 | D:3      | Reached skill level 5 in Axes
  2176 | D:3      | Reached XP level 5. HP: 47/47 MP: 4/4
  2513 | D:4      | Noticed a phantom
  2542 | D:4      | Killed a phantom
  2542 | D:4      | Reached skill level 5 in Fighting
  2542 | D:4      | Reached skill level 6 in Axes
  2542 | D:4      | Reached XP level 6. HP: 56/56 MP: 5/5
  2765 | D:4      | Found a burning altar of Makhleb.
  2913 | D:4      | Found a sand-covered staircase.
  2915 | D:4      | Reached *** piety under Trog
  2919 | Ossuary  | Entered an ossuary
  2938 | Ossuary  | Reached XP level 7. HP: 61/61 MP: 6/6
  3671 | D:3      | Noticed bombasticus's ghost (amateur GrBe)
  3682 | D:3      | Killed bombasticus's ghost
  3682 | D:3      | Reached skill level 7 in Axes
  4262 | D:4      | Reached skill level 5 in Armour
  4300 | D:4      | Found a hazy altar of Hepliaklqana.
  4301 | D:4      | Found a shimmering altar of Xom.
  4301 | D:4      | Noticed a yak
  4302 | D:4      | Noticed a spectral ugly thing
  4302 | D:4      | Noticed a yak
  4568 | D:5      | Entered Level 5 of the Dungeon
  4587 | D:5      | Got a scorched dagger
  4620 | D:5      | Found a staircase to the Ecumenical Temple.
  4626 | Temple   | Entered the Ecumenical Temple
  4838 | D:5      | Noticed mordain's ghost (novice FoFi)
  4849 | D:5      | Killed mordain's ghost
  4849 | D:5      | Reached skill level 8 in Axes
  4849 | D:5      | Reached skill level 5 in Dodging
  4849 | D:5      | Reached XP level 8. HP: 71/71 MP: 7/7
  5396 | D:5      | Noticed Sigmund
  5405 | D:5      | Killed Sigmund
  5405 | D:5      | Reached skill level 9 in Axes
  5452 | D:5      | Found a runed door.
  5456 | D:5      | Noticed Crazy Yiuf
  5463 | D:5      | Killed Crazy Yiuf
  5923 | D:6      | Found an iron altar of Okawaru.
  6022 | D:6      | Got a slimy chain mail
  6081 | D:6      | Identified the +3 chain mail of Dithmenos's Delight {*Corrode rC+ Slay+3 Stlth+} (You found it on level 6 of the Dungeon)
  6095 | D:6      | Identified the +8 dagger "Ravuose" {pierce, rC- MR+ SInv} (You found it on level 5 of the Dungeon)
  6868 | D:7      | Reached XP level 9. HP: 47/79 MP: 8/8
  7124 | D:7      | Found a sacrificial altar of Ru.
  7410 | D:7      | Found Geegg's Book Shoppe.
  7446 | D:7      | Found a burning altar of Makhleb.
  7455 | D:7      | Found a glowing silver altar of Zin.
  7456 | D:7      | Found a hide-covered altar of Uskayaw.
  7456 | D:7      | Found a deep blue altar of Sif Muna.
  7456 | D:7      | Found a snail-covered altar of Cheibriados.
  7457 | D:7      | Found a sparkling altar of Nemelex Xobeh.
  7458 | D:7      | Found an ornate altar of the Wu Jian Council.
  7460 | D:7      | Found an opulent altar of Gozag.
  7461 | D:7      | Found a shadowy altar of Dithmenos.
  7586 | D:7      | Found Fowuawi's Book Shoppe.
  7940 | D:8      | Reached skill level 10 in Axes
  8201 | D:9      | Found a flagged portal.
  8218 | D:9      | Reached **** piety under Trog
  8243 | Bailey   | Entered a bailey
  8261 | Bailey   | Noticed an orc knight
  8272 | Bailey   | Killed an orc knight
  8289 | Bailey   | Reached skill level 11 in Axes
  8418 | Bailey   | Paralysed by a kobold for 7 turns
  8555 | Bailey   | Got a jewelled leather armour
  8622 | Bailey   | Got a twisted flail {crush}
  8728 | D:9      | Reached XP level 10. HP: 36/90 MP: 9/9
  8924 | D:9      | Identified the +3 flail of Misery {crush, rC+ rN+} (You took it off a kobold in a bailey)
  8943 | D:9      | Identified the cursed +0 leather armour of the Cooper {+Fly} (You took it off a kobold in a bailey)
  9057 | D:9      | Found Werit's Whimsical Warehouse.
  9066 | D:9      | Bought a +0 war axe for 56 gold pieces
  9075 | D:9      | Found a runed door.
  9723 | D:10     | Entered Level 10 of the Dungeon
  9846 | D:9      | Found a runed door.
 10436 | D:9      | Reached skill level 12 in Axes
 10489 | D:9      | Noticed a centaur warrior
 10499 | D:9      | Killed a centaur warrior
 10512 | D:9      | Reached ***** piety under Trog
 10533 | D:9      | Noticed a two-headed ogre
 10549 | D:9      | Killed a two-headed ogre
 10873 | D:10     | Reached XP level 11. HP: 99/99 MP: 10/10
 10919 | D:10     | Found a staircase to the Lair.
 10934 | D:10     | Reached skill level 13 in Axes
 11106 | D:10     | Received a gift from Trog
 11120 | D:10     | Got a transparent flail {crush}
 11171 | D:11     | Reached skill level 10 in Fighting
 11967 | D:11     | Noticed a skeletal warrior
 12010 | D:11     | Killed a skeletal warrior
 12222 | D:11     | Identified the +8 flail of Voicletz {crush, *Corrode +Rage rPois Stlth-} (You took it off an orc on level 10 of the Dungeon)
 12478 | D:11     | Reached skill level 1 in Maces & Flails
 12947 | D:11     | Noticed a death knight
 12947 | D:11     | Noticed a phantasmal warrior
 12950 | D:11     | Noticed a skeletal warrior
 12964 | D:11     | Killed a death knight
 12964 | D:11     | Reached skill level 10 in Armour
 12964 | D:11     | Reached skill level 1 in Evocations
 12968 | D:11     | Killed a phantasmal warrior
 12977 | D:11     | Killed a skeletal warrior
 13251 | D:11     | Noticed a two-headed ogre
 13258 | D:11     | Killed a two-headed ogre
 13294 | D:11     | Noticed Nergalle
 13306 | D:11     | Killed Nergalle
 13306 | D:11     | Reached skill level 14 in Axes
 13735 | D:12     | Noticed a white ugly thing
 13752 | D:12     | Killed a white ugly thing
 13752 | D:12     | Received a gift from Trog
 13906 | D:12     | Found a staircase to the Orcish Mines.
 13906 | D:12     | Noticed Urug
 13913 | D:12     | Reached XP level 12. HP: 70/108 MP: 12/12
 13934 | D:12     | Killed Urug
 13934 | D:12     | Reached skill level 5 in Maces & Flails
 14139 | D:12     | Found a roughly hewn altar of Beogh.
 14252 | D:12     | Noticed a two-headed ogre
 14264 | D:12     | Killed a two-headed ogre
 14422 | D:12     | Received a gift from Trog
 15120 | D:12     | Noticed a two-headed ogre
 15130 | D:12     | Killed a two-headed ogre
 15297 | D:12     | Reached skill level 10 in Dodging
 15857 | Lair:1   | Entered Level 1 of the Lair of Beasts
 16374 | Lair:1   | Reached skill level 15 in Axes
 18602 | Lair:3   | Reached XP level 13. HP: 83/117 MP: 4/14
 19455 | Lair:4   | Found a staircase to the Shoals.
 19622 | Lair:4   | Found a frozen archway.
 19639 | IceCv    | Entered an ice cave
 19807 | IceCv    | Reached skill level 16 in Axes
 22797 | Lair:3   | HP: 3/178 [death yak (14)]
 23222 | Lair:4   | Found a staircase to the Snake Pit.
 24299 | Lair:5   | Identified a scroll of acquirement
 24602 | Lair:6   | Entered Level 6 of the Lair of Beasts
 25479 | Lair:6   | Reached skill level 17 in Axes
 25718 | Lair:6   | Reached XP level 14. HP: 123/129 MP: 15/15
 26369 | Lair:6   | Found a runed door.
 26371 | Lair:6   | Found a viscous altar of Jiyva.
 26373 | Lair:6   | Found a staircase to the Slime Pits.
 26694 | Lair:6   | Received a gift from Trog
 27387 | Slime:1  | Entered Level 1 of the Pits of Slime
 27387 | Slime:1  | Noticed an acid blob
 27403 | Lair:6   | HP: 6/129 [acid (5)]
 27404 | Lair:6   | Killed an acid blob
 28333 | Orc:1    | Entered Level 1 of the Orcish Mines
 28415 | Orc:1    | Noticed Fannar
 28427 | Orc:1    | Killed Fannar
 28526 | Orc:1    | Found Kotzaon's Jewellery Shoppe.
 28722 | Orc:2    | Entered Level 2 of the Orcish Mines
 28813 | Orc:1    | Found a roughly hewn altar of Beogh.
 28921 | Orc:2    | Reached skill level 1 in Shields
 29888 | Orc:2    | Found a staircase to the Elven Halls.
 29932 | Orc:2    | Found a roughly hewn altar of Beogh.
 29952 | Orc:2    | Found a roughly hewn altar of Beogh.
 30002 | Orc:2    | Found a roughly hewn altar of Beogh.
 30014 | Orc:2    | Paralysed by an orc sorcerer for 5 turns
 30028 | Orc:2    | Found Perchec's General Store.
 30046 | Orc:2    | Bought a potion of heal wounds for 70 gold pieces
 30099 | Orc:2    | Found a roughly hewn altar of Beogh.
 30164 | Orc:2    | Found Jufonimy's Book Shoppe.
 30369 | Orc:2    | Reached ****** piety under Trog
 30372 | Orc:2    | Received a gift from Trog
 30468 | Orc:2    | Noticed an orc warlord
 30494 | Orc:2    | Killed an orc warlord
 30879 | Orc:2    | Found Vied's Antique Armour Boutique.
 30880 | Orc:2    | Found a roughly hewn altar of Beogh.
 30881 | Orc:2    | Found Ingeliti's Antique Weapon Shop.
 30894 | Orc:2    | Bought a plate armour for 437 gold pieces
 30894 | Orc:2    | Bought a plate armour for 437 gold pieces
 31143 | Orc:2    | Found a roughly hewn altar of Beogh.
 31146 | Orc:2    | Found Icidoin's Distillery.
 31237 | Orc:2    | Found a roughly hewn altar of Beogh.
 31332 | Elf:1    | Entered Level 1 of the Elven Halls
 31354 | Elf:1    | Noticed Nikola
 31363 | Elf:1    | HP: 6/129 [Nikola/chain lightning (14)]
 31365 | Elf:1    | Killed from afar by Nikola

Vault maps used:
D:1:      minmay_arrival_wavy_path, minmay_tromino_v7
D:2:      yredelemnul_altar_generic
D:4:      regret_index_temple_of_mockery, nicolae_ossuary_entry_giza,
          first_ration, makhleb_blood_cavern_becter
D:5:      temple_fountains, uniq_sigmund, uniq_crazy_yiuf_cottage
D:6:      okawaru_ov_weapons_minmay
D:7:      nicolae_ru_sacrificial_ziggurat, minitemple, serial_shops,
          nicolae_shop_trees, shop, kennysheep_pointless_box
D:8:      hangedman_little_slice_of_home, kennysheep_generic_room_10
D:9:      cheibrodos_histonic, enter_bailey_1, nicolae_alphabet_shops
D:10:     david_lair_generic
D:11:     serial_co_window_serial, co_window_paths_b, co_window_cross_1,
          co_window_paths_b, co_window_of_opportunity_a, co_window_corner_a,
          co_window_of_opportunity_a, co_window_paths_a,
          co_window_of_opportunity_b, co_window_broadway_b,
          co_window_broadway_b, co_window_broadway_c, co_window_broadway_a,
          co_window_corner_b, corexii_corridor_pit, minmay_misc_feat_columns,
          uniq_nergalle
D:12:     minmay_orc_entry_temple_small, uniq_erolcha, uniq_urug
D:13:     serial_shops, nicolae_shop_overgrown_old_shop,
          nicolae_shop_statue_plus, minmay_misc_feat_encased
Temple:   kb_temple_of_zot
Lair:1:   grunt_megastairs_4, minmay_lair_oklob_chamber,
          infiniplex_staircase_pool_2
Lair:2:   minmay_lair_oklob_items, nzn_random_ring
Lair:4:   minmay_shoals_entry_hut, guppyfry_snake_entry_garden,
          portal_ice_cave_demonic_guard, beast_lair_carwin_3, grunt_megastairs_3
Lair:6:   grunt_lair_end_beastmaster, slime_altar_2
Slime:2:  cheibrodos_slime_lost_civilization_6
Orc:1:    basic_altar, serial_shops, shop, statue_in_the_mist_lemuel,
          uniq_fannar
Orc:2:    grunt_orc_community_town_hall, grunt_orc_community_big_house_1,
          grunt_orc_community_big_house_1, grunt_orc_community_house_3,
          grunt_orc_community_house_1, grunt_orc_community_house_2,
          grunt_orc_community_house_1, grunt_orc_community_house_2,
          grunt_orc_community_house_2, serial_shops, shop
Elf:1:    serial_shops, bzr_in_the_mist, hangedman_elf_disciples,
          billiards_dpeg, uniq_nikola
Ossuary:  ossuary_minmay_tomb_2a
Bailey:   bailey_axe_1, bailey
IceCv:    ice_cave_small_dragons

Skill      XL: |  1  2  3  4  5  6  7  8  9 10 11 12 13 14 |
---------------+-------------------------------------------+-----
Axes           | 4 5 6 8 9 11 12 14 15 17 | 17.6
Fighting       | 4 5 6 7 8 9 10 11 13 | 13.5
Armour         | 3 4 5 6 8 9 10 11 12 13 | 13.2
Dodging        | 3 4 5 6 7 8 9 10 11 12 | 12.3
Maces & Flails | 4 5 6 8 |  8.3
Evocations     | 2 |  2.9
Shields        | 2 |  2.7

Action                   |  1- 3 |  4- 6 |  7- 9 | 10-12 | 13-15 || total
-------------------------+-------+-------+-------+-------+-------++-------
Melee: Hand axe          |    88 |   137 |   197 |       |   263 ||   685
       Headbutt          |    13 |    27 |    77 |   157 |   185 ||   459
       War axe           |       |       |    93 |   155 |    30 ||   278
       Unarmed           |       |       |     6 |       |       ||     6
       Flail             |       |       |       |   187 |   138 ||   325
       Great sword       |       |       |       |    57 |       ||    57
       Battleaxe         |       |       |       |   207 |   281 ||   488
Throw: Tomahawk          |       |       |    23 |       |       ||    23
       Stone             |       |       |     2 |       |       ||     2
Invok: Berserk           |     1 |     4 |     7 |     6 |     6 ||    24
       Trog's Hand       |       |       |     1 |       |     1 ||     2
       Brothers in Arms  |       |       |     1 |     2 |     4 ||     7
Evoke: Wand              |       |       |       |       |     8 ||     8
  Use: Scroll            |       |       |    18 |     3 |    24 ||    45
       Potion            |       |       |     3 |     2 |    10 ||    15
 Stab: Petrified         |       |       |       |       |     1 ||     1
  Eat: Ration            |     1 |       |     4 |     6 |    11 ||    22
       Chunk             |       |     7 |    12 |    19 |    12 ||    50
Armor: Animal skin       |     4 |       |       |       |       ||     4
       Chain mail        |    20 |    73 |   121 |   258 |    37 ||   509
       Ring mail         |       |       |    24 |       |       ||    24
       Plate armour      |       |       |       |   123 |   158 ||   281
       Pearl dragon scal |       |       |       |       |   142 ||   142
Dodge: Dodged            |    33 |    55 |   159 |   291 |   482 ||  1020
Block: Other             |       |       |    18 |    38 |    28 ||    84
       Reflection        |       |       |     5 |     1 |     4 ||    10
       Buckler           |       |       |       |       |   133 ||   133
       Shield            |       |       |       |       |     6 ||     6
       Rpst.: Great sword |       |       |       |    12 |       ||    12

Table legend:
 A = Spawn XP
 B = Non-spawn XP
 C = Spawn XP percentage of total XP
 D = Spawn monster count
 E = Non-spawn monster count
 F = Spawn count percentage of total count
 G = Total turns spent on level
                    A         B        C        D         E        F      G
               +---------+---------+-------+---------+---------+-------+---------
         Total |       0 |   85862 |   0.0 |       0 |     652 |   0.0 | 31365
               +---------+---------+-------+---------+---------+-------+---------
           D:1 |       0 |      64 |   0.0 |       0 |      31 |   0.0 |   924
           D:2 |       0 |      55 |   0.0 |       0 |      17 |   0.0 |  1122
           D:3 |       0 |     296 |   0.0 |       0 |      22 |   0.0 |   952
           D:4 |       0 |     444 |   0.0 |       0 |      19 |   0.0 |   918
           D:5 |       0 |    1223 |   0.0 |       0 |      13 |   0.0 |  1057
           D:6 |       0 |     436 |   0.0 |       0 |      10 |   0.0 |  1016
           D:7 |       0 |     390 |   0.0 |       0 |      11 |   0.0 |  1012
           D:8 |       0 |    1256 |   0.0 |       0 |      27 |   0.0 |   884
           D:9 |       0 |    5056 |   0.0 |       0 |      48 |   0.0 |  1695
          D:10 |       0 |    1899 |   0.0 |       0 |      26 |   0.0 |  1163
          D:11 |       0 |    7044 |   0.0 |       0 |      38 |   0.0 |  1761
          D:12 |       0 |    8063 |   0.0 |       0 |      49 |   0.0 |  2237
        Lair:1 |       0 |    4676 |   0.0 |       0 |      21 |   0.0 |  1415
        Lair:2 |       0 |    3434 |   0.0 |       0 |      18 |   0.0 |  1143
        Lair:3 |       0 |    8149 |   0.0 |       0 |      27 |   0.0 |  2499
        Lair:4 |       0 |    5905 |   0.0 |       0 |      26 |   0.0 |  1388
        Lair:5 |       0 |    2001 |   0.0 |       0 |       9 |   0.0 |  1533
        Lair:6 |       0 |   14766 |   0.0 |       0 |      43 |   0.0 |  2724
       Slime:1 |       0 |     518 |   0.0 |       0 |       2 |   0.0 |   195
         Orc:1 |       0 |    3394 |   0.0 |       0 |      29 |   0.0 |   781
         Orc:2 |       0 |   10209 |   0.0 |       0 |      98 |   0.0 |  2218
       Ossuary |       0 |     226 |   0.0 |       0 |      16 |   0.0 |   694
        Bailey |       0 |    1380 |   0.0 |       0 |      32 |   0.0 |   442
         IceCv |       0 |    4978 |   0.0 |       0 |      20 |   0.0 |  1447
               +---------+---------+-------+---------+---------+-------+---------
